 Dungeon Crawl Stone Soup version 0.27-b1-42-g19c61b19a5 (webtiles) character file.

Game seed: 425768863482676468

4 pikapanic the Skirmisher (level 1, 0/19 HPs)
             Began as a Palentonga Fighter on July 29, 2021.
             Slain by a goblin (3 damage)
             ... on level 1 of the Dungeon.
             The game lasted 00:00:16 (39 turns).

pikapanic the Skirmisher (Palentonga Fighter)         Turns: 39, Time: 00:00:17

Health: 0/19       AC:  6    Str: 19    XL:     1   Next: 50%
Magic:  1/1        EV:  5    Int:  8    God:
Gold:   0          SH:  8    Dex:  9    Spells: 0/0 levels left

rFire    . . .     SeeInvis +   a - +0 long sword
rCold    . . .     Faith    .   c - +0 kite shield
rNeg     . . .     Spirit   .   b - +0 scale mail
rPois    .         Reflect  .   (no helmet)
rElec    .         Harm     .   (no cloak)
rCorr    .         Rampage  .   (no gloves)
Will     .....                  (no barding)
Stlth    ..........             (no amulet)
HPRegen  0.06/turn              (no ring)
MPRegen  0.07/turn              (no ring)

@: no status effects
A: large, rugged brown scales 3, see invisible, deformed body, roll 1, armoured
tail
a: Rolling Charge


You were on level 1 of the Dungeon.
You visited 1 branch of the dungeon, and saw 1 of its levels.

Inventory:

Hand Weapons
 a - a +0 long sword (weapon)
Armour
 b - a +0 scale mail (worn)
 c - a +0 kite shield (worn)
Scrolls
 e - a scroll of fog {unknown}
Potions
 d - a potion of might


   Skills:
 + Level 3.0 Fighting
 + Level 2.0 Long Blades
 + Level 2.5 Armour
 + Level 2.5 Shields


You couldn't memorise any spells.
You didn't know any spells.
Your spell library was empty.

Dungeon Overview and Level Annotations

Branches:
Dungeon (1/15)

Altars:


Innate Abilities, Weirdness & Mutations

You are completely covered in rugged brown scales. (AC +3, +7% HP)
You have supernaturally acute eyesight. (SInv)
Armour fits poorly on your strangely shaped body.
You can roll at nearby foes to attack.
You have a long armoured tail.


Message History

The goblin hits you but does no damage. You block the goblin's attack.
A frilled lizard comes into view.
You block the goblin's attack.
You closely miss the goblin. The goblin hits you with a +0 club.
You block the goblin's attack. x2
Your shield and scale mail prevent you from hitting the goblin.
Your tail-slap misses the goblin.
You block the endoplasm's attack. The goblin hits you with a +0 dagger.
The goblin hits you but does no damage. The endoplasm hits you.
The goblin hits you but does no damage. You block the goblin's attack.
The goblin hits you with a +0 dagger. The goblin barely misses you.
You riposte.
You barely miss the goblin.
Your tail-slap misses the goblin.
The endoplasm jiggles.
You hit the endoplasm.
The endoplasm is heavily wounded.
You block the goblin's attack. The endoplasm barely misses you.
You riposte.
You hit the endoplasm but do no damage.
You tail-slap the endoplasm, but do no damage.
The endoplasm is heavily wounded.
The goblin hits you but does no damage. The endoplasm completely misses you.
You riposte.
Your scale mail prevents you from hitting the endoplasm.
The endoplasm is heavily wounded.
You completely miss the goblin. The endoplasm freezes you.
You are frozen.
The goblin hits you with a +0 dagger.
* * * LOW HITPOINT WARNING * * *
The goblin hits you but does no damage.
You hit the endoplasm but do no damage. You tail-slap the endoplasm.
You kill the endoplasm!
The goblin hits you with a +0 dagger.
* * * LOW HITPOINT WARNING * * *
You block the goblin's attack.
The frilled lizard bites you but does no damage.
Your shield and scale mail prevent you from hitting the goblin.
You tail-slap the goblin.
You kill the goblin!
The frilled lizard bites you but does no damage.
The goblin hits you with a +0 club.
You die...

...###..#...###..
......#.......#.#
...#..#.........#
##.##.#...# #...#
...8.....# #...#######
...#.....####..........
<..#......##.......#
.(.#...........lg..#
...8.........###@..#
#####.......## #...#
#...#..)## #...#
.....#....# ...##
#.#####..)..# .... ..
#............
##.......#### ###....##
...##


You could see a goblin and a frilled lizard.

Vanquished Creatures
  An endoplasm (D:1)
  2 goblins (D:1)
  A kobold (D:1)
  A rat (D:1)
5 creatures vanquished.

Notes
Turn   | Place    | Note
-------+----------+-------------------------------------------
     0 | D:1      | pikapanic the Palentonga Fighter began the quest for the
                  | Orb.
     0 | D:1      | Reached XP level 1. HP: 19/19 MP: 1/1
    39 | D:1      | Slain by a goblin

Illustrated notes

Levels and vault maps discovered:
D:1:      scummos_arrival_simple_crosswalls, layout_rooms, st_stairs_2,
          hangedman_decor_growths, hangedman_decor_riveting

Action                   || total
-------------------------++-------
Melee: Long sword        ||    13
       Tailslap          ||     3
 Abil: Rolling Charge    ||     1
Armor: Scale mail        ||    11
Dodge: Dodged            ||     5
Block: Kite shield       ||     9
       Rpst.: Long sword ||     3
